 Dungeon Crawl Stone Soup version 0.27-a0-1347-gd8886f0a89 (webtiles) character file.

Game seed: 3490137063993080732

59 Brandom the Gusty (level 4, 0/23 HPs)
             Began as a Tengu Air Elementalist on June 27, 2021.
             Was a Follower of Hepliaklqana.
             Killed by their own static electricity (2 damage)
             ... on level 2 of the Dungeon.
             The game lasted 00:08:29 (2296 turns).

Brandom the Gusty (Tengu Air Elementalist)          Turns: 2296, Time: 00:08:30

Health: 0/23       AC:  2    Str:  8    XL:     4   Next: 3%
Magic:  0/8        EV: 12    Int: 17    God:    Hepliaklqana [*.....]
Gold:   64         SH:  0    Dex: 14    Spells: 1/7 levels left

rFire    . . .     SeeInvis .   c - +0 dagger
rCold    . . .     Faith    .   (no shield)
rNeg     . . .     Spirit   .   a - +0 robe
rPois    .         Reflect  .   (helmet restricted)
rElec    .         Harm     .   (no cloak)
rCorr    .         Rampage  .   (no gloves)
Will     .....                  (boots unavailable)
Stlth    ++........             (no amulet)
HPRegen  0.07/turn              (no ring)
MPRegen  0.11/turn              (no ring)

@: no status effects
A: reduced essence, beak, talons 3
a: Renounce Religion, Recall Ancestor, Ancestor Identity


You were on level 2 of the Dungeon.
You worshipped Hepliaklqana.
Hepliaklqana was aware of your devotion.
You visited 1 branch of the dungeon, and saw 2 of its levels.

You collected 64 gold pieces.

Inventory:

Hand Weapons
 c - a +0 dagger (weapon)
   (You took it off a kobold on level 1 of the Dungeon)
Armour
 a - a +0 robe (worn)
Scrolls
 e - a scroll of magic mapping {unknown}
 g - a scroll of teleportation {unknown}
 h - a scroll of identify {unknown}
Potions
 b - a potion of flight {unknown}
 d - a potion of curing {unknown}
 f - a potion of haste {unknown}


   Skills:
 * Level 1.8 Fighting
 + Level 2.7 Dodging
 - Level 2.0 Stealth
 + Level 2.3 Spellcasting
 + Level 2.2 Conjurations
 + Level 4.4 Air Magic


You had one spell level left.
You knew the following spells:

 Your Spells              Type           Power      Damage    Failure   Level
a - Shock                 Conj/Air       52%        1d6       4%          1
b - Static Discharge      Conj/Air       13%        N/A       7%          2
s - Swiftness             Air            17%        N/A       9%          3

Your spell library contained the following spells:

 Spells                   Type           Power      Damage    Failure   Level
 Airstrike                Air            8%         N/A       30%         4
 Lightning Bolt           Conj/Air       6%         1d18      78%         5


Dungeon Overview and Level Annotations

Branches:
Dungeon (2/15)

Altars:
Hepliaklqana

Shops:
D:1 (


Innate Abilities, Weirdness & Mutations

Your life essence is reduced to manifest your ancestor. (-10% HP)
You have a beak for a mouth.
You have claws for feet.


Message History

Aim: a goblin, wielding a +0 dagger (heavily wounded, strong, ally target, 60% to hit)
The zap misses Robin.
The zap misses the goblin.
Robin barely misses you.
You closely miss Robin.
You swap places.
Robin hits Cipactli with a +0 club.
Cipactli hits Robin.
Robin throws the goblin at you!
Cipactli hits Robin.
You miss the goblin. You claw the goblin.
You kill the goblin!
Robin barely misses Cipactli.
Cipactli hits Robin.
Robin closely misses Cipactli.
Cipactli barely misses Robin.
Cipactli completely misses Robin.
Cipactli hits Robin but does no damage.
The goblin no longer looks unusually strong.
Cipactli closely misses Robin.
Cipactli barely misses Robin.
Robin roars a battlecry!
The goblin goes into a battle-frenzy!
Cipactli barely misses Robin.
Cipactli hits Robin but does no damage.
Robin hits Cipactli with a +0 club.
Cipactli barely misses Robin.
Robin hits Cipactli with a +0 club!
Cipactli is destroyed!
Robin throws the goblin at you!
You completely miss Robin. Your kick misses Robin.
The goblin closely misses you. Robin hits you with a +0 club.
You hit Robin but do no damage. Your kick misses Robin.
You peck Robin, but do no damage. The goblin hits you with a +0 club.
Robin hits you with a +0 club.
* * * LOW HITPOINT WARNING * * *
Aim: Robin, wielding a +0 club, wearing a +0 animal skin and wearing a +0 helmet (almost dead, 77% to hit)
The zap hits Robin.
You kill Robin!
The goblin hits you with a +0 club.
* * * LOW HITPOINT WARNING * * *
You have reached level 4!
You feel clever.
Found a war axe.
There is an open door here.
Items here: ! )))) [[.
Okay, then.
Okay, then.
Okay, then.
Aim: a goblin, wielding a +0 club (strong, 60% to hit)
Okay, then.
Okay, then.
Aim: a goblin, wielding a +0 club (strong, 60% to hit)
Okay, then.
The goblin is struck by an arc of lightning.
You kill the goblin!
You are struck by an arc of lightning.
You die...

##....#.##..#####
#.....†.......<.#
##....#####.###.#
##.#.# #.# #.#
#.#.#####.# #.#
#.#.......# #.#
##+######### #.#
##...## ##.#
##..@..## ##..#
##...)..)## ##..##
#.........####...##
+.........+.......#
#.........####...##
##...)...## ##..#
##..)..## ##.#
##.).## #.# ##)##
#.#


There were no monsters in sight!

Vanquished Creatures
  Robin (D:2)
  A worm (D:2)
  2 dart slugs
  4 ball pythons (D:1)
  3 endoplasms (D:1)
  10 goblins
  5 hobgoblins
  4 jackals (D:1)
  A quokka (D:1)
  2 frilled lizards (D:1)
  2 kobolds (D:1)
  A rat (D:1)
36 creatures vanquished.

Vanquished Creatures (others)
  2 ancestors (D:2)
2 creatures vanquished.

Grand Total: 38 creatures vanquished

Notes
Turn   | Place    | Note
-------+----------+-------------------------------------------
     0 | D:1      | Brandom the Tengu Air Elementalist began the quest for the
                  | Orb.
     0 | D:1      | Reached XP level 1. HP: 10/10 MP: 4/4
   517 | D:1      | Reached XP level 2. HP: 16/16 MP: 3/6
   717 | D:1      | Learned a level 2 spell: Static Discharge
   832 | D:1      | Reached skill level 1 in Fighting
   904 | D:1      | Found a faded altar of an unknown god.
   912 | D:1      | Became a worshipper of Hepliaklqana the Forgotten
   912 | D:1      | Reached * piety under Hepliaklqana
  1431 | D:1      | Reached XP level 3. HP: 18/18 MP: 5/7
  1785 | D:1      | Found Otuingi's Antique Weapon Boutique.
  2211 | D:2      | Learned a level 3 spell: Swiftness
  2263 | D:2      | Noticed Robin
  2286 | D:2      | Killed Robin
  2287 | D:2      | Reached XP level 4. HP: 2/23 MP: 1/8
  2296 | D:2      | Killed from afar by themself

Illustrated notes

Levels and vault maps discovered:
D:1:      elethiomel_arrival_quiet, layout_loops_corners,
          hellmonk_ecumenical_altar_run_dry, serial_shops, shop
D:2:      layout_loops_corners, chequers_serial_rivers_room_a, uniq_robin

Skill      XL: |  1  2  3 |
---------------+----------+-----
Fighting       | 1 |  1.8
Conjurations   | 2 |  2.2
Dodging        | |  2.7
Stealth        | |  2.0
Spellcasting   | |  2.3
Air Magic      | |  4.4

Action                   |  1- 3 |  4- 6 || total
-------------------------+-------+-------++-------
Melee: Unarmed           |     6 |       ||     6
       Dagger            |     4 |       ||     4
       Kick              |     1 |       ||     1
       Peck              |     1 |       ||     1
 Cast: Shock             |    67 |       ||    67
       Static Discharge  |     2 |       ||     2
Invok: Ancestor Identity |     1 |       ||     1
Armor: Robe              |     2 |       ||     2
Dodge: Dodged            |    18 |       ||    18

Table legend: (Time is in decaauts)
 A = Elapsed time spent in this place.
 B = Non-inter-level travel time spent in this place.
 C = Inter-level travel time spent in this place.
 D = Time resting spent in this place.
 E = Time spent auto-exploring this place.
 F = Levels seen in this place.
 G = Mean time per level.
                   A        B        C        D        E       F      G
               +--------+--------+--------+--------+--------+-----+--------+
         Total |   2295 |   2231 |     64 |    530 |   1447 |   2 | 1147.5 |
       Dungeon |   2295 |   2231 |     64 |    530 |   1447 |   2 | 1147.5 |
               +--------+--------+--------+--------+--------+-----+--------+

Top non-repeatable levels by time:
     D:1: 1988 daAuts
     D:2: 306 daAuts
